 Dungeon Crawl Stone Soup version 0.26.1-11-gd32895ea62 (webtiles) character file.

Game seed: 7231527801886796030

131416 ubername the Fencer (level 16, -5/150 HPs)
             Began as a Minotaur Berserker on May 13, 2021.
             Was the Champion of Trog.
             Blown up by an orb spider (22 damage)
             ... with an orb of destruction
             ... on level 2 of the Spider Nest on May 14, 2021.
             The game lasted 01:12:19 (28658 turns).

ubername the Fencer (Minotaur Berserker)           Turns: 28658, Time: 01:12:20

Health: -5/150     AC: 31    Str: 34    XL:     16   Next: 55%
Magic:  15/15      EV: 16    Int:  4    God:    Trog [******]
Gold:   2957       SH:  0    Dex: 11    Spells: 15/15 levels left

rFire    . . .     SeeInvis .   a - +7 triple sword (flame)
rCold    . . .     Faith    .   (shield currently unavailable)
rNeg     . . .     Spirit   .   K - +10 plate armour {ponderous}
rPois    .         Reflect  .   (helmet restricted)
rElec    .         Harm     .   B - scarf {+Inv}
rCorr    .         Rampage  .   d - +0 pair of gloves
Will     +....                  M - +1 pair of boots
Stlth    ..........             Y - amulet of regeneration
HPRegen  0.75/turn              q - +4 ring of evasion
MPRegen  0.14/turn              w - +6 ring of strength

@: berserk cooldown, slowed, very slow
A: retaliatory headbutt, horns 2, blurry vision 1, mutation resistance 1,
MP-powered wands
a: Renounce Religion, Evoke Invisibility, Berserk, Trog's Hand, Brothers in Arms


You were on level 2 of the Spider Nest.
You worshipped Trog.
Trog was exalted by your worship.
You visited 5 branches of the dungeon, and saw 26 of its levels.
You visited the Abyss 1 time.
You also visited: Ossuary.

You collected 2957 gold pieces.

Inventory:

Hand Weapons
 a - a +7 triple sword of flaming (weapon)
 b - a +5 vorpal demon blade
 h - the +1 flail of Makhleb's Favour {freeze, *Rage Will++ Dex+6}
   (You found it on level 5 of the Lair of Beasts)

   It has been specially enchanted to freeze those struck by it, causing extra
   injury to most foes and up to half again as much damage against particularly
   susceptible opponents.
   It can also slow down cold-blooded creatures.
   It affects your dexterity (+6).
   It affects your willpower, your defense against some magical effects.
   It may make you go berserk in combat.
 p - the +2 eveningstar of Etal {vorpal, *Corrode rPois Str+2 SInv}
   (Trog gifted it to you on level 6 of the Lair of Beasts)

   It inflicts extra damage upon your enemies.
   It affects your strength (+2).
   It protects you from poison.
   It lets you see invisible.
   It may corrode you when you take damage.
 D - the +5 hand axe of Impatience {antimagic, rF+ rC+ Dex+3 SInv}
   (You found it on level 6 of the Lair of Beasts)

   It reduces the magical energy of the wielder, and disrupts the spells and
   magical abilities of those hit.
   Natural abilities and divine invocations are not affected.
   It affects your dexterity (+3).
   It protects you from fire.
   It protects you from cold.
   It lets you see invisible.
 W - the +2 demon blade "Enuy" {flame, rF- Str+2 Dex+2}
   (Trog gifted it to you on level 2 of the Orcish Mines)

   It has been specially enchanted to burn those struck by it, causing extra
   injury to most foes and up to half again as much damage against particularly
   susceptible opponents.
   Big, fiery blades are also staple armaments of hydra-hunters.
   It affects your strength (+2).
   It affects your dexterity (+2).
   It makes you vulnerable to fire.
Missiles
 g - 11 curare-tipped darts (quivered)
 o - 114 poisoned darts
Armour
 d - a +0 pair of gloves (worn)
 B - a scarf of invisibility (worn)
 K - a +10 plate armour of ponderousness (worn)
 M - a +1 pair of boots (worn)
Jewellery
 q - a +4 ring of evasion (left hand)
 w - a +6 ring of strength (right hand)
 P - an uncursed ring of protection from cold
 Y - an amulet of regeneration (around neck)
Wands
 c - a wand of random effects (19)
 f - a wand of polymorph (12)
 i - a wand of disintegration (5)
 l - a wand of paralysis (34)
 r - a wand of acid (42)
 O - a wand of iceblast (31)
Scrolls
 e - 15 scrolls of remove curse
 m - 4 scrolls of teleportation
 y - a scroll of summoning
 z - 11 scrolls of fog
 A - 12 scrolls of identify
 H - 7 scrolls of enchant weapon
 I - 4 scrolls of enchant armour
 J - 3 scrolls of fear
 Z - 2 scrolls of magic mapping
Potions
 j - 2 potions of invisibility
 k - a potion of resistance
 n - 5 potions of flight
 s - 10 potions of curing
 t - 2 potions of heal wounds
 E - 3 potions of might
 F - 2 potions of berserk rage
 G - 8 potions of haste
Miscellaneous
 v - a phantom mirror
 x - a phial of floods


   Skills:
 + Level 15.7 Fighting
 + Level 13.4(17.3) Short Blades
 + Level 19.6(21.0) Long Blades
 + Level 1.8 Throwing
 + Level 15.7 Armour
 + Level 6.5 Dodging
 + Level 3.7 Stealth
 + Level 8.6 Shields
 + Level 1.3 Evocations


You had 15 spell levels left.
You didn't know any spells.
Your spell library contained the following spells:

 Spells                   Type           Power        Failure   Level
 Animate Skeleton         Necr           0%           94%         1
 Apportation              Tloc           0%           94%         1
 Beastly Appendage        Tmut           0%           94%         1
 Corona                   Hex            0%           94%         1
 Magic Dart               Conj           0%           94%         1
 Pain                     Necr           0%           94%         1
 Summon Small Mammal      Summ           0%           94%         1
 Blink                    Tloc           N/A          98%         2
 Call Imp                 Summ           0%           98%         2
 Slow                     Hex            0%           98%         2
 Wereblood                Tmut           0%           98%         2
 Conjure Flame            Conj/Fire      0%           100%        3
 Mephitic Cloud           Conj/Pois/Air  0%           100%        3
 Spider Form              Tmut/Pois      0%           100%        3
 Vampiric Draining        Necr           0%           100%        3
 Animate Dead             Necr           0%           100%        4
 Ice Form                 Ice/Tmut       0%           100%        4
 Agony                    Necr           0%           100%        5
 Blade Hands              Tmut           0%           100%        5


Dungeon Overview and Level Annotations

Branches:
Dungeon (15/15)            Temple (0/1) D:5            Lair (6/6) D:11
  Swamp (0/4) Lair:2       Spider (2/4) Lair:3        Slime (0/5) Lair:5
    Orc (2/2) D:11            Elf (0/3) Orc:2        Vaults (0/5) D:13
 Depths (1/5) D:15        Ossuary (visited)

Altars:
Ashenzari
Cheibriados
Kikubaaqudgha
Makhleb
Trog
Uskayaw
Xom
Yredelemnul

Shops:
D:10 =   D:14 (*   Orc:2 (=!?

Annotations:
D:15 Roxanne
Spider:1 Aizul


Innate Abilities, Weirdness & Mutations

You reflexively headbutt those who attack you in melee.
You have a pair of horns on your head.
Scrolls take you a little longer to read.
You are somewhat resistant to further mutation.
You expend magic power (3 MP) to strengthen your wands.


Message History

An orb of destruction comes into view.
You see here an orb spider corpse.
The orb spider weaves a glowing orb of energy.
An orb of destruction comes into view.
The orb of destruction hits you!!!
* * * LOW HITPOINT WARNING * * *
The orb spider begins to weave its threads into a brightly glowing ball.
The orb spider spins a strand of pure energy.
The jumping spider misses you. The jumping spider barely misses you.
Found a black potion and 18 gold pieces.
Found two stone staircases leading down.
The jumping spider misses you.
The jumping spider bites you but does no damage.
The orb spider weaves a glowing orb of energy.
The jumping spider pounces on you but does no damage.
The jumping spider closely misses you.
An orb of destruction comes into view.
There is a stone staircase leading down here.
The orb of destruction hits you!!
You die...

...........###.
.>........!..$.
.#........^....
..........#..>.
.......s..........
..^...^.....#.....
..........^.#.....
.......○@.........
....°°°..s.*s.....
...°..............
...°.#....†.......
...°.....†......./
...°......†.......
...°..††††.#......
...^..†.††<.......
......†°†.........


You could see 2 orb spiders and a jumping spider.

Vanquished Creatures
  Rupert (D:13)
  2 tentacled starspawn (Abyss:3)
  2 Executioners (Abyss:3)
  The ghost of Fashaeth the Severer, an adept VSFi of Okawaru (Lair:6)
  A minotaur (Lair:6)
  Josephine (D:13)
  4 ogre magi (Orc:2)
  4 fire dragons
  Harold (D:7)
  12 hydras
  A vault guard (D:13)
  4 centaur warriors (D:14)
  7 boulder beetles
  5 death yaks
  Urug (D:15)
  15 two-headed ogres
  Sonja (Lair:5)
  2 hell knights (D:15)
  A large abomination (Abyss:3)
  2 sixfirhies (Abyss:3)
  An unseen horror (D:12)
  3 wizards
  A swamp dragon (Lair:6)
  5 skeletal warriors (D:14)
  Pikel (D:4)
  A lindwurm (Lair:6)
  A wolf spider zombie (D:12)
  An orc knight (Orc:1)
  11 wolf spiders
  3 oklob plants
  A deep elf mage (D:13)
  A manticore (D:13)
  12 ugly things
  A mana viper (Abyss:3)
  3 orb spiders
  2 worldbinders (Abyss:3)
  4 cyclopes
  An apocalypse crab (Abyss:3)
  A smoke demon (Abyss:3)
  3 gargoyles
  6 torpor snails
  15 cane toads
  6 rime drakes
  A yaktaur (shapeshifter) (D:14)
  A kobold demonologist (D:14)
  A yaktaur (D:15)
  The ghost of MummyDearest the Slinger, a novice HaHu of Qazlal (D:3)
  A freezing wraith (D:11)
  5 demonic crawlers
  7 komodo dragons
  8 trolls
  Prince Ribbit (D:7)
  8 jumping spiders
  2 polar bears
  A meliai zombie (D:13)
  7 hornets (Lair:6)
  20 blink frogs
  4 tyrant leeches (Lair:6)
  7 slime creatures
  5 raiju (Abyss:3)
  6 dream sheep (Lair:4)
  12 redbacks
  2 shadows
  40 yaks
  6 tarantellas
  A vampire (D:13)
  6 wraiths
  Eustachio (D:6)
  2 wyverns
  5 steam dragons
  4 basilisks
  4 vampire mosquitoes
  10 humans (D:13)
  A chaos spawn (Abyss:3)
  A neqoxec (Abyss:3)
  A warg (D:10)
  An acid dragon (Lair:6)
  12 water moccasins
  5 hell hounds (Abyss:3)
  5 black bears
  3 swamp drakes (Lair:6)
  4 sky beasts
  2 ice beasts
  19 orc warriors
  A necrophage (D:12)
  2 phantoms
  2 small abominations (Abyss:3)
  33 ogres
  21 wolves
  12 centaurs
  4 big kobolds
  A wyvern zombie (D:14)
  16 bullfrogs
  An elf zombie (Ossuary)
  A gnoll sergeant (D:8)
  6 scorpions
  10 killer bees
  19 wights
  3 howler monkeys
  3 electric eels
  2 bullfrog zombies
  2 centaur zombies
  A lava snake (D:11)
  A quasit (Abyss:3)
  8 bullfrog skeletons
  2 human zombies (Ossuary)
  5 jellies
  18 orc priests
  A gnoll shaman (Orc:2)
  4 hounds
  28 orc wizards
  6 centaur skeletons
  5 iguanas
  9 worker ants
  A hound zombie (D:7)
  A hound skeleton (D:11)
  2 mummies (Ossuary)
  A worker ant zombie (D:6)
  A howler monkey zombie (D:11)
  10 gnolls
  2 howler monkey skeletons
  12 adders
  3 shadow imps
  4 white imps
  3 ufetubi
  4 oozes
  3 adder zombies (Ossuary)
  2 adder skeletons
  2 worms (Lair:3)
  3 dart slugs
  6 leopard geckos
  79 orcs
  11 giant cockroaches
  10 goblins
  6 hobgoblins
  21 jackals
  25 kobolds
  2 quokkas
  3 ball pythons
  7 bats
  9 frilled lizards
  A giant cockroach zombie (D:3)
  A goblin zombie (Ossuary)
  9 hobgoblin zombies (Ossuary)
  A jackal skeleton (D:4)
  9 kobold zombies (Ossuary)
  A leopard gecko skeleton (D:4)
  8 orc zombies (Ossuary)
  8 rats
  2 rat zombies (Ossuary)
  2 starspawn tentacles (Abyss:3)
887 creatures vanquished.

Vanquished Creatures (collateral kills)
  2 wolf spiders (Spider:2)
  2 jumping spiders (Spider:2)
  2 tarantellas (Spider:2)
  6 redbacks (Spider:2)
12 creatures vanquished.

Vanquished Creatures (others)
  A centaur zombie (D:14)
  An ancient zyme (Abyss:3)
  A human (D:13)
  An iguana (Lair:6)
  19 fungi
  107 plants
130 creatures vanquished.

Grand Total: 1029 creatures vanquished

Notes
Turn   | Place    | Note
-------+----------+-------------------------------------------
     0 | D:1      | ubername the Minotaur Berserker began the quest for the
                  | Orb.
     0 | D:1      | Reached XP level 1. HP: 19/19 MP: 0/0
   177 | D:1      | Reached skill level 4 in Long Blades
   202 | D:1      | Reached XP level 2. HP: 27/27 MP: 1/1
   596 | D:1      | Reached XP level 3. HP: 34/34 MP: 2/2
   809 | D:2      | Reached ** piety under Trog
  1169 | D:2      | Reached XP level 4. HP: 41/41 MP: 3/3
  1486 | D:2      | Found a faded altar of an unknown god.
  1629 | D:3      | Found a transporter.
  1631 | D:3      | Found a transporter.
  1632 | D:3      | Noticed MummyDearest's ghost (novice HaHu)
  1982 | D:3      | Reached *** piety under Trog
  2471 | D:3      | Reached XP level 5. HP: 47/47 MP: 4/4
  2479 | D:3      | Reached skill level 5 in Long Blades
  2479 | D:3      | Killed MummyDearest's ghost
  2480 | D:3      | Reached skill level 5 in Fighting
  2480 | D:3      | Reached skill level 6 in Long Blades
  2480 | D:3      | Reached XP level 6. HP: 56/56 MP: 5/5
  2673 | D:4      | Noticed Pikel
  2679 | D:4      | Paralysed by Pikel for 3 turns
  2684 | D:4      | Paralysed by Pikel for 7 turns
  2695 | D:4      | Killed Pikel
  2696 | D:4      | Reached skill level 7 in Long Blades
  2696 | D:4      | Reached skill level 5 in Armour
  2696 | D:4      | Reached skill level 1 in Stealth
  2696 | D:4      | Reached XP level 7. HP: 58/63 MP: 6/6
  2891 | D:4      | Reached skill level 1 in Throwing
  2891 | D:4      | Reached XP level 8. HP: 70/70 MP: 7/7
  3613 | D:5      | Entered Level 5 of the Dungeon
  3719 | D:5      | Reached skill level 8 in Long Blades
  3899 | D:5      | Reached **** piety under Trog
  4398 | D:5      | Found a staircase to the Ecumenical Temple.
  4458 | D:6      | Noticed Eustachio
  4463 | D:6      | Killed Eustachio
  4464 | D:6      | Reached skill level 5 in Dodging
  4617 | D:6      | Reached XP level 9. HP: 45/79 MP: 8/8
  4703 | D:6      | Found a sand-covered staircase.
  4711 | Ossuary  | Entered an ossuary
  4913 | Ossuary  | Reached skill level 1 in Short Blades
  5232 | D:6      | Reached ***** piety under Trog
  5779 | D:6      | Gained mutation: Scrolls take you a little longer to read.
                  | [potion of mutation]
  5779 | D:6      | Gained mutation: You expend magic power (3 MP) to
                  | strengthen your wands. [potion of mutation]
  5779 | D:6      | Gained mutation: You are somewhat resistant to further
                  | mutation. [potion of mutation]
  5816 | D:7      | Noticed Prince Ribbit
  5825 | D:7      | Killed Prince Ribbit
  5826 | D:7      | Reached skill level 1 in Shields
  5941 | D:7      | Noticed Harold
  5963 | D:7      | Killed Harold
  5964 | D:7      | Reached skill level 5 in Short Blades
  6589 | D:8      | Reached XP level 10. HP: 73/88 MP: 9/9
  7247 | D:8      | Found a broken altar of Ashenzari.
  7895 | D:8      | Received a gift from Trog
  8574 | D:9      | Found a shimmering altar of Xom.
  8574 | D:9      | Found a hide-covered altar of Uskayaw.
  8893 | D:9      | Reached skill level 10 in Armour
  9121 | D:9      | Found an ancient bone altar of Kikubaaqudgha.
  9121 | D:9      | Found a snail-covered altar of Cheibriados.
  9128 | D:9      | Found a basalt altar of Yredelemnul.
  9133 | D:9      | Found a bloodstained altar of Trog.
  9135 | D:9      | Found a burning altar of Makhleb.
  9212 | D:10     | Entered Level 10 of the Dungeon
  9227 | D:10     | Found Vybac's Jewellery Shop.
  9632 | D:10     | Noticed a two-headed ogre
  9639 | D:10     | Killed a two-headed ogre
  9745 | D:10     | Noticed a two-headed ogre
  9767 | D:10     | Killed a two-headed ogre
  9768 | D:10     | Reached XP level 11. HP: 80/97 MP: 7/10
  9947 | D:10     | Reached skill level 10 in Short Blades
 10226 | D:11     | Noticed a two-headed ogre
 10288 | D:11     | Reached skill level 1 in Evocations
 10340 | D:11     | Killed a two-headed ogre
 10559 | D:11     | Reached skill level 10 in Fighting
 10623 | D:11     | Noticed a four-headed hydra
 10790 | D:11     | Killed a four-headed hydra
 11087 | D:11     | Found a staircase to the Lair.
 11126 | D:11     | Noticed a white ugly thing
 11168 | D:11     | Killed a white ugly thing
 11168 | D:11     | Received a gift from Trog
 11603 | D:11     | Found a staircase to the Orcish Mines.
 11760 | D:12     | Reached skill level 5 in Shields
 11893 | D:12     | Noticed a five-headed hydra
 11907 | D:12     | Killed a five-headed hydra
 12136 | D:12     | Reached XP level 12. HP: 58/108 MP: 6/11
 12226 | D:12     | Noticed a boulder beetle
 12242 | D:12     | Killed a boulder beetle
 12397 | D:12     | Noticed a four-headed hydra
 12417 | D:12     | Killed a four-headed hydra
 13288 | D:13     | Noticed a two-headed ogre
 13305 | D:13     | Killed a two-headed ogre
 13513 | D:13     | Noticed Rupert
 13517 | D:13     | Paralysed by Rupert for 7 turns
 13527 | D:13     | You fall into a shaft and drop 1 floor!
 13527 | D:14     | Noticed a centaur warrior
 13536 | D:14     | Killed a centaur warrior
 13641 | D:14     | Noticed an eight-headed hydra
 13657 | D:14     | Killed an eight-headed hydra
 13789 | D:14     | Noticed a centaur warrior
 13808 | D:14     | Killed a centaur warrior
 14023 | D:14     | Noticed a boulder beetle
 14040 | D:14     | Killed a boulder beetle
 14070 | D:14     | Noticed a centaur warrior
 14087 | D:14     | Killed a centaur warrior
 14088 | D:14     | Received a gift from Trog
 14197 | D:14     | Noticed a centaur warrior
 14204 | D:14     | Reached skill level 9 in Long Blades
 14204 | D:14     | Reached XP level 13. HP: 110/117 MP: 1/12
 14633 | D:14     | Found an ancient bone altar of Kikubaaqudgha.
 14817 | D:14     | Reached skill level 10 in Long Blades
 14959 | D:14     | Found Kerulol's Antique Weapon Shoppe.
 15624 | D:14     | Reached skill level 11 in Long Blades
 15803 | D:14     | Found Peonk's Demolitions Depot.
 16180 | D:13     | Noticed Josephine
 16191 | D:13     | Killed Josephine
 16363 | D:13     | Paralysed by Rupert for 2 turns
 16372 | D:13     | Paralysed by Rupert for 6 turns
 16394 | D:13     | Killed Rupert
 16484 | D:13     | Received a gift from Trog
 16899 | D:13     | Reached skill level 12 in Long Blades
 17025 | D:13     | Reached ****** piety under Trog
 17226 | D:13     | Found a gate to the Vaults.
 17519 | D:15     | Entered Level 15 of the Dungeon
 17644 | D:15     | Noticed Urug
 17659 | D:15     | Killed Urug
 17677 | D:15     | Cast into level 3 of the Abyss (a wizard)
 17775 | Abyss:3  | Noticed a tentacled starspawn
 17777 | Abyss:3  | Killed a tentacled starspawn
 17778 | Abyss:3  | Reached XP level 14. HP: 127/127 MP: 13/13
 17786 | Abyss:3  | Noticed an Executioner
 17796 | Abyss:3  | Killed an Executioner
 17797 | Abyss:3  | Reached skill level 13 in Long Blades
 17823 | Abyss:3  | Received a gift from Trog
 17849 | Abyss:3  | Noticed a daeva
 18060 | Abyss:3  | Noticed an Executioner
 18095 | Abyss:3  | Killed an Executioner
 18173 | Abyss:3  | Noticed a tentacled starspawn
 18179 | Abyss:3  | Killed a tentacled starspawn
 18180 | Abyss:3  | Reached skill level 14 in Long Blades
 18182 | Abyss:3  | Noticed an ironheart preserver
 18182 | Abyss:3  | Noticed an ironheart preserver
 18294 | Abyss:3  | Found a corrupted altar of Lugonu.
 18302 | D:15     | Escaped the Abyss
 18911 | D:15     | Found a staircase to the Depths.
 18928 | Depths:1 | Entered Level 1 of the Depths
 18956 | D:15     | Identified Roxanne's Catalogue of Earth
 18956 | D:15     | Noticed Roxanne
 19279 | D:15     | Reached skill level 15 in Long Blades
 19570 | Orc:1    | Entered Level 1 of the Orcish Mines
 20003 | Orc:2    | Entered Level 2 of the Orcish Mines
 20183 | Orc:2    | Received a gift from Trog
 20416 | Orc:2    | Reached XP level 15. HP: 106/137 MP: 12/14
 20433 | Orc:2    | Reached skill level 16 in Long Blades
 20563 | Orc:2    | Found Xikh's Distillery.
 20563 | Orc:2    | Found Buatz's Magic Scroll Shop.
 20568 | Orc:2    | Found Hekehos's Weapon Boutique.
 20568 | Orc:2    | Found Quatrelo's Jewellery Emporium.
 20592 | Orc:2    | Received a gift from Trog
 20831 | Orc:2    | Found a staircase to the Elven Halls.
 21250 | Lair:1   | Entered Level 1 of the Lair of Beasts
 21428 | Orc:2    | Got a brightly glowing demon blade {god gift}
 21432 | Orc:2    | Identified the +2 demon blade "Enuy" {flame, rF- Str+2
                  | Dex+2} (Trog gifted it to you on level 2 of the Orcish
                  | Mines)
 21706 | Lair:1   | Got a fabulously ornate robe
 22355 | Lair:2   | Found a staircase to the Swamp.
 23134 | Lair:3   | Reached skill level 17 in Long Blades
 23331 | Lair:3   | Received a gift from Trog
 23574 | Lair:3   | Got a slimy trident
 23585 | Lair:3   | Identified the +2 robe of Calculation {Int+3} (You found it
                  | on level 1 of the Lair of Beasts)
 23692 | Lair:3   | Found a hole to the Spider Nest.
 23994 | Lair:4   | Identified the +8 trident of the Baking Genius {distort,
                  | rPois rC- Str+4 Dex+4} (You found it on level 3 of the Lair
                  | of Beasts)
 24981 | Lair:5   | Noticed Sonja
 24995 | Lair:4   | HP: 2/139 [poisoned by Sonja (curare-tipped dart)]
 25345 | Lair:5   | Killed Sonja
 25527 | Lair:5   | Reached skill level 15 in Armour
 25751 | Lair:5   | Reached skill level 18 in Long Blades
 25754 | Lair:5   | Found a staircase to the Slime Pits.
 25990 | Lair:5   | Got a bloodstained flail
 26387 | Lair:6   | Entered Level 6 of the Lair of Beasts
 26567 | Lair:6   | Received a gift from Trog
 26645 | Lair:6   | Got a transparent eveningstar {god gift}
 26646 | Lair:6   | Identified the +1 flail of Makhleb's Favour {freeze, *Rage
                  | Will++ Dex+6} (You found it on level 5 of the Lair of
                  | Beasts)
 26647 | Lair:6   | Identified the +2 eveningstar of Etal {vorpal, *Corrode
                  | rPois Str+2 SInv} (Trog gifted it to you on level 6 of the
                  | Lair of Beasts)
 26670 | Lair:6   | Noticed Fashaeth's ghost (adept VSFi)
 26692 | Lair:6   | Found a runed translucent gate.
 26692 | Lair:6   | Found a runed translucent gate.
 26692 | Lair:6   | Found a runed translucent gate.
 26718 | Lair:6   | Killed Fashaeth's ghost
 26726 | Lair:6   | Reached XP level 16. HP: 97/147 MP: 15/15
 26893 | Lair:6   | Found a runed translucent door.
 26901 | Lair:6   | Reached skill level 15 in Fighting
 26932 | Lair:6   | Paralysed by a hornet for 1 turns
 27213 | Lair:6   | Got a brightly glowing hand axe
 27214 | Lair:6   | Identified the +5 hand axe of Impatience {antimagic, rF+
                  | rC+ Dex+3 SInv} (You found it on level 6 of the Lair of
                  | Beasts)
 27535 | Lair:6   | Reached skill level 19 in Long Blades
 28156 | Spider:1 | Entered Level 1 of the Spider Nest
 28362 | Spider:1 | Received a gift from Trog
 28568 | Spider:1 | Noticed Aizul
 28658 | Spider:2 | Blown up by an orb spider

Illustrated notes

Levels and vault maps discovered:
D:1:      saegor_arrival_simple_c, layout_basic, minmay_indecisive_spiral
D:2:      layout_basic, chequers_ecumenical_altar_grove
D:3:      kennysheep_six_static_rooms, layout_basic, gammafunk_ghost_mausoleum,
          minmay_door_square
D:4:      minmay_evil_eye, layout_loops_cross, serial_bayou,
          serial_bayou_crossing, serial_bayou_ford_a, serial_bayou_pond_b,
          serial_bayou_shore_b, serial_bayou_pond_d, uniq_pikel
D:5:      layout_cave_pools, temple_hall
D:6:      layout_loops_cross, nicolae_ossuary_entry_plus, uniq_eustachio
D:7:      layout_rooms, uniq_prince_ribbit1, uniq_harold
D:8:      layout_layer_cave, evilmike_ruin_ashenzari
D:9:      layout_loops_cross, chequers_temple_overflow_minitemple,
          chequers_temple_overflow_statue_of_worship
D:10:     layout_stronghold, serial_shops, nicolae_shop_waterfront,
          kennysheep_generic_room_4
D:11:     layout_big_octagon, lair_entry_dummy, david_orc_4,
          kennysheep_pointless_box
D:12:     layout_layer_cave, minmay_misc_feat_encased, kennysheep_small_spiral
D:13:     minmay_goldmine, layout_layer_cave, ximxim_vaults_locker_room,
          nicolae_two_hexagons, uniq_rupert, uniq_josephine
D:14:     kennysheep_windowed_halls, layout_loops_ring, minmay_misc_feat_roman,
          basic_altar, serial_shops, nicolae_shop_trees, nicolae_blasting_shop
D:15:     grunt_enter_depths_hoard, layout_gridville, nrook_mini_backslash,
          sword_in_stone, uniq_roxanne
Lair:1:   layout_concentric_octagons, gauntlet_entry_generic
Lair:2:   layout_chaotic_city, swamp_mist_pool, grunt_megastairs_3,
          minmay_lair_oklob_chamber
Lair:3:   layout_roguey, nicolae_spider_entry_non_spiders, grunt_megastairs_1
Lair:4:   layout_hall_layers, chequers_serial_rivers_small_a,
          serial_bayou_shore_b
Lair:5:   layout_concentric_octagons, minmay_slime_entry_oklob_open,
          serial_bayou, serial_bayou_shore_b, serial_bayou_lagoon_b,
          serial_bayou_pond_c, serial_bayou_pond_d, serial_bayou_lagoon_a,
          hangedman_lair_unloving_vines, chequers_serial_rivers_room_b,
          serial_bayou_lake_a, uniq_sonja
Lair:6:   guppyfry_lair_end_dragon, layout_gridlike, wormcave,
          maelrawn_ghost_gauntlet_escape, chequers_serial_rivers_micro_b,
          serial_bayou_shore_a
Spider:1: layout_chambers, drop_trap, guppyfry_spider_mini_3, uniq_kirke,
          uniq_aizul
Spider:2: layout_spider_delve
Orc:1:    layout_diamond_mine
Orc:2:    st_orc_ogre_mass, layout_caves, rock_pile
Depths:1: layout_basic, abandoned_shop, lightli_too_deep,
          grunt_pan_entry_in_and_out, hex_intersection,
          chequers_serial_rivers_micro_b, lightli_minifort, grunt_megastairs_2,
          uniq_bai_suzhen

Skill      XL: |  1  2  3  4  5  6  7  8  9 10 11 12 13 14 15 16 |
---------------+-------------------------------------------------+-----
Long Blades    | 4 6 7 8 9 12 15 18 19 | 19.6
Fighting       | 4 5 6 7 8 9 10 11 12 13 14 15 | 15.7
Armour         | 3 4 5 6 7 9 10 11 12 13 14 15 | 15.7
Dodging        | 3 4 5 6 |  6.5
Stealth        | 1 2 3 |  3.7
Throwing       | 1 |  1.8
Short Blades   | 6 9 11 13 | 13.4
Shields        | 2 3 5 7 8 |  8.6
Evocations     | 1 |  1.3

Action                   |  1- 3 |  4- 6 |  7- 9 | 10-12 | 13-15 | 16-18 || total
-------------------------+-------+-------+-------+-------+-------+-------++-------
Melee: Falchion          |    81 |    66 |     7 |       |       |       ||   154
       Headbutt          |    11 |    19 |    81 |   215 |   270 |    51 ||   647
       Long sword        |       |       |    71 |       |       |       ||    71
       Rapier            |       |       |   227 |   701 |       |       ||   928
       Dagger            |       |       |       |    22 |       |       ||    22
       Scimitar          |       |       |       |    39 |   274 |       ||   313
       Triple sword      |       |       |       |       |   531 |   176 ||   707
       Demon blade       |       |       |       |       |    54 |     4 ||    58
Throw: Dart              |       |     3 |       |     2 |     9 |       ||    14
Invok: Berserk           |       |     2 |     5 |     6 |    12 |     2 ||    27
Evoke: Wand              |       |       |     2 |     2 |     1 |       ||     5
  Use: Scroll            |       |     4 |     5 |    10 |    10 |     4 ||    33
       Potion            |       |       |    11 |     1 |    11 |     6 ||    29
 Stab: Sleeping          |       |       |     1 |       |       |       ||     1
       Invisible         |       |       |     1 |       |       |       ||     1
       Distracted        |       |       |       |       |       |     1 ||     1
Armor: Animal skin       |     2 |       |       |       |       |       ||     2
       Ring mail         |    37 |    15 |    13 |       |       |       ||    65
       Chain mail        |       |       |    60 |     5 |       |       ||    65
       Plate armour      |       |       |       |   356 |   555 |   168 ||  1079
Dodge: Dodged            |    57 |    53 |   212 |   449 |   654 |   210 ||  1635
Block: Buckler           |       |       |    40 |   148 |    59 |       ||   247
       Rpst.: Falchion   |    18 |    15 |     3 |       |       |       ||    36
       Long sword        |       |       |    15 |       |       |       ||    15
       Scimitar          |       |       |       |     4 |    23 |       ||    27
       Triple sword      |       |       |       |       |   139 |    52 ||   191
       Demon blade       |       |       |       |       |     6 |       ||     6
